 Dungeon Crawl Stone Soup version 0.30-a0-715-gdb4ae3ece1 (webtiles) character file.

Game seed: 1538343605916826332

5611 Shayle the Fighter (level 10, -9/90 HPs)
             Began as a Demonspawn Reaver on Jan 24, 2023.
             Was an Initiate of Ashenzari.
             Mangled by a cane toad (10 damage)
             ... on level 1 of the Lair of Beasts.
             The game lasted 00:44:41 (9790 turns).

Shayle the Fighter (Demonspawn Reaver)              Turns: 9790, Time: 00:44:42

Health: -9/90      AC: 24    Str: 12    XL:     10   Next: 45%
Magic:  13/13      EV:  3    Int: 19    God:    Ashenzari [......]
Gold:   464        SH:  0    Dex: 12    Spells: 12/13 levels left

rFire   . . .      SeeInvis .    o - +2 war axe (freeze)
rCold   . . .      Faith    .    (no shield)
rNeg    . . .      Spirit   .    m - +10 plate armour "Ekamus" {Fly}
rPois   .          Reflect  .    (no helmet)
rElec   .          Harm     .    (cloak unavailable)
rCorr   .          Rampage  .    n - +2 pair of gloves of Ashenzari's Affliction {Elem, Self} (curse)
Will    .....                    (no boots) Stlth
                                 (no amulet)
HPRegen 0.35/turn                (no ring)
MPRegen 0.13/turn                (no ring)

@: mighty, lethally poisoned (-9 -> -23), flying
A: foul stench 1, sharp scales 1, demonic magic 1, weakness stinger 3, robust 1,
screaming 1
a: Renounce Religion, Curse Item, Shatter the Chains


You were on level 1 of the Lair of Beasts.
You worshipped Ashenzari.
Ashenzari was noncommittal.
You visited 3 branches of the dungeon, and saw 11 of its levels.

You collected 464 gold pieces.

Inventory:

Hand Weapons
 a - a +1 spear
 o - a +2 war axe of freezing (weapon)
 y - a +3 flail of freezing
Missiles
 B - a throwing net
 G - 3 datura-tipped darts
Armour
 b - a +0 leather armour
 i - an orb of energy
 l - a +0 ring mail
 m - the +10 plate armour "Ekamus" (worn) {Fly}
   (You found it on level 5 of the Dungeon)

   Fly:       It grants you flight.
 n - the cursed +2 pair of gloves of Ashenzari's Affliction (worn) {Elem, Self}
   (You found it on level 2 of the Dungeon)

   It has a curse which improves the following skills: Elements: Fire Magic, Ice
   Magic, Air Magic and Earth Magic.
   Introspection: Fighting and Spellcasting.
 s - a +3 ring mail of willpower
Wands
 f - a wand of digging (4)
 C - a wand of flame (31)
 E - a wand of iceblast (6)
Scrolls
 c - 4 scrolls of teleportation
 e - a scroll of vulnerability
 g - 2 scrolls of blinking
 k - a scroll of noise
 w - a scroll of amnesia
 F - a scroll of fear
Potions
 q - a potion of magic
 t - a potion of lignification
 u - a potion of degeneration


   Skills:
 + Level 8.1(8.6) Fighting
 - Level 2.6 Polearms
 + Level 0.3 Armour
 - Level 7.4 Dodging
 - Level 7.7 Stealth
 - Level 2.0(2.3) Spellcasting
 - Level 3.0 Conjurations
 + Level 7.8 Hexes


You had 12 spell levels left.
You knew the following spells:

 Your Spells              Type           Power      Damage    Failure   Level
a - Kiss of Death         Conj/Necr      28%        2d7       100%        1

Your spell library contained the following spells:

 Spells                   Type           Power      Damage    Failure   Level
 Momentum Strike          Conj/Tloc      14%        3d8       100%        2
 Hailstorm                Conj/Ice       7%         3d4       100%        3


Dungeon Overview and Level Annotations

Branches:
Dungeon (9/15)             Temple (1/1) D:6            Lair (1/5) D:8
    Orc: D:9-12

Altars:
Ashenzari
Cheibriados
Dithmenos
Hepliaklqana
Kikubaaqudgha
Nemelex Xobeh
Okawaru
Qazlal
Ru
Sif Muna
Trog
Uskayaw
Vehumet
Wu Jian
Xom

Shops:
D:6 *

Annotations:
D:5 4 runed translucent doors, exclusion: door


Innate Abilities, Weirdness & Mutations

You may rarely emit foul miasma when damaged in melee.
You are partially covered in razor-sharp scales. (AC +1, Slay +1)
Spells you cast may paralyse adjacent enemies.
You have a sharp stinger which inflicts weakening toxins.
You are robust. (+10% HP)
You occasionally shout uncontrollably at your foes.


Message History

You hit the cane toad but do no damage.
The cane toad stings you but does no damage.
The cane toad stings you.
You are poisoned.
The cane toad poisons you!
You hit the cane toad but do no damage.
You feel very sick. The cane toad barely misses you.
The cane toad stings you but does no damage.
You barely miss the cane toad.
You feel very sick. The cane toad stings you!
You are more poisoned.
The cane toad poisons you!
You completely miss the cane toad.
You feel extremely sick.
The cane toad stings you but does no damage.
The cane toad stings you.
You barely miss the cane toad.
* * * LOW HITPOINT WARNING * * *
You feel extremely sick. The cane toad stings you.
* * * LOW HITPOINT WARNING * * *
You are more poisoned.
The cane toad poisons you!
The cane toad stings you but does no damage.
You slash the cane toad! You freeze the cane toad.
The cane toad is heavily wounded.
* * * LOW HITPOINT WARNING * * *
You feel extremely sick.
The cane toad stings you but does no damage.
You feel better.
The cane toad stings you but does no damage.
Okay, then.
You feel very mighty all of a sudden. The cane toad stings you!
* * * LOW HITPOINT WARNING * * *
You are lethally poisoned!
The cane toad poisons you! The cane toad stings you!
You die...

...........#.....##
...........###.....# #
..........#.###....# ## ###
....P....#.## ##..####.######..
..........## #.........#......
..........# #................
..........# #................
.........## ###F........##.#...
........#.###.@#........##.####
....#...##..........P...##.##
... #..................###..##
........#.............#.....#
....#....##..................#
...##.#####.......####......##
..# ## ##.....## #......# .#
##.[.## ####.#P# ##.## #####


You could see a cane toad.

Vanquished Creatures
  A komodo dragon (Lair:1)
  A wyvern (D:7)
  A steam dragon (D:8)
  6 yaks
  3 wargs (D:8)
  Duvessa (D:5)
  A sky beast (D:7)
  7 water moccasins
  2 orc warriors
  An ice beast (D:8)
  3 black bears
  3 ogres
  2 centaurs
  2 phantoms (D:4)
  A kobold brigand (D:6)
  3 bullfrogs
  A scorpion (D:6)
  4 necrophages
  4 wights
  Dowan (D:5)
  5 killer bees (D:8)
  5 hounds
  2 jellies (D:5)
  2 orc priests
  A gnoll bouda (D:6)
  3 iguanas
  9 orc wizards
  9 adders
  4 gnolls
  2 shadow imps
  2 white imps
  2 ufetubi
  A worm (D:2)
  A dart slug (D:4)
  28 orcs
  11 ball pythons
  7 endoplasms
  4 giant cockroaches
  2 goblins
  5 hobgoblins
  3 kobolds (D:1)
  A quokka (D:2)
  2 ball python zombies (D:2)
  4 bats
  5 frilled lizards
  A giant cockroach zombie (D:2)
  2 quokka zombies (D:2)
  8 rats
179 creatures vanquished.

Vanquished Creatures (others)
  2 plants (D:1)
  A withered plant (D:2)
3 creatures vanquished.

Grand Total: 182 creatures vanquished

Notes
Turn   | Place    | Note
-------+----------+-------------------------------------------
     0 | D:1      | Shayle the Demonspawn Reaver began the quest for the Orb.
     0 | D:1      | Reached XP level 1. HP: 16/16 MP: 3/3
   117 | D:1      | Gained mutation: You have a small tail. [demonic ancestry]
   117 | D:1      | Reached XP level 2. HP: 3/22 MP: 5/5
   348 | D:1      | Found a faded altar of an unknown god.
   952 | D:1      | Reached skill level 1 in Stealth
   983 | D:2      | Reached skill level 1 in Hexes
  1035 | D:2      | Gained mutation: Spells you cast may paralyse adjacent
                  | enemies. [demonic ancestry]
  1035 | D:2      | Reached XP level 3. HP: 14/28 MP: 6/6
  2114 | D:3      | Gained mutation: You have a tail ending in a sharp stinger.
                  | [demonic ancestry]
  2114 | D:3      | Reached XP level 4. HP: 30/34 MP: 7/7
  2237 | D:3      | Noticed a black bear
  2268 | D:3      | HP: 1/34 [black bear (2)]
  2274 | D:3      | Killed a black bear
  2275 | D:3      | Reached skill level 3 in Fighting
  2275 | D:3      | Reached XP level 5. HP: 29/41 MP: 8/8
  2470 | D:3      | Found a shimmering altar of Xom.
  2540 | D:3      | HP: 2/41 [something (1)]
  2541 | D:3      | Gained mutation: You occasionally shout uncontrollably at
                  | your foes. [potion of mutation]
  2541 | D:3      | Gained mutation: You are robust. (+10% HP) [potion of
                  | mutation]
  2546 | D:3      | HP: 3/67 [something (2)]
  3093 | D:4      | Noticed an ogre
  3101 | D:4      | Gained mutation: You may rarely emit foul miasma when
                  | damaged in melee. [demonic ancestry]
  3101 | D:4      | Reached XP level 6. HP: 40/51 MP: 9/9
  3260 | D:4      | Reached skill level 4 in Fighting
  3327 | D:4      | Reached XP level 7. HP: 54/59 MP: 10/10
  3724 | D:5      | Entered Level 5 of the Dungeon
  3816 | D:5      | Noticed Duvessa
  3816 | D:5      | Noticed Dowan
  3828 | D:5      | Killed Duvessa
  3842 | D:5      | Killed Dowan
  4045 | D:5      | Found a large runed translucent door.
  4046 | D:5      | Found a large runed translucent door.
  4049 | D:5      | Found a large runed translucent door.
  4049 | D:5      | Found a large runed translucent door.
  4050 | D:5      | Noticed a wyvern
  4074 | D:5      | Noticed a yak
  4079 | D:5      | Killed a yak
  4080 | D:5      | Reached skill level 5 in Fighting
  4080 | D:5      | Gained mutation: You are partially covered in razor-sharp
                  | scales. (AC +1, Slay +1) [demonic ancestry]
  4080 | D:5      | Reached XP level 8. HP: 51/68 MP: 11/11
  4650 | D:5      | Reached skill level 5 in Dodging
  5193 | D:5      | Reached skill level 5 in Stealth
  5193 | D:5      | Reached skill level 5 in Hexes
  5224 | D:5      | Identified the +10 plate armour "Ekamus" {Fly}
  5606 | D:6      | Found Teajefac's Assorted Antiques.
  5678 | D:6      | Reached skill level 6 in Fighting
  5936 | D:6      | Gained mutation: You have a sharp stinger which inflicts
                  | weakening toxins. [demonic ancestry]
  5936 | D:6      | Reached XP level 9. HP: 70/75 MP: 12/12
  6304 | D:6      | Found a staircase to the Ecumenical Temple.
  6311 | Temple   | Entered the Ecumenical Temple
  6319 | Temple   | Became a worshipper of Ashenzari the Shackled
  7308 | D:7      | Reached skill level 7 in Fighting
  7917 | D:7      | Found a hazy altar of Hepliaklqana.
  7918 | D:7      | Found a sparkling altar of Nemelex Xobeh.
  8074 | D:8      | Reached XP level 10. HP: 61/88 MP: 13/13
  8980 | D:8      | Found a staircase to the Lair.
  9238 | Lair:1   | Entered Level 1 of the Lair of Beasts
  9360 | Lair:1   | Reached skill level 8 in Fighting
  9764 | Lair:1   | Noticed a cane toad
  9790 | Lair:1   | HP: 1/90 [cane toad (13)]
  9790 | Lair:1   | Mangled by a cane toad

Illustrated notes

Levels and vault maps discovered:
D:1:      minmay_arrival_solitary_statue, layout_loops_ring,
          basic_ecumenical_altar, st_stairs_12, serial_bayou_pond_c,
          chequers_serial_rivers_micro_d
D:2:      layout_basic, serial_undead, serial_undead_f, serial_undead_c,
          serial_undead_a, serial_undead_c, kennysheep_generic_room_9
D:3:      layout_rooms, xom_teletrap_fun
D:4:      layout_loops_ring
D:5:      layout_layer_cave, minmay_hollow_rounded_squares, uniq_duvessa
D:6:      layout_gridville, minmay_temple_entry_junction, serial_shops,
          nicolae_take_the_stairs, grunt_tough_drop
D:7:      layout_loops_ring, gammafunk_temple_overflow_claw
D:8:      layout_basic, erik_lair_orcish_takeover, serial_co_window_serial,
          co_window_of_opportunity_a, co_window_of_opportunity_a,
          co_window_of_opportunity_a, co_window_paths_a, co_window_paths_a,
          co_window_2corner, co_window_broadway_a, co_window_2corner,
          co_window_paths_c, co_window_of_opportunity_c,
          co_window_unsneaky_path_b, glass_columns_c
D:9:      layout_irregular_city, erik_orc_3, chequers_jeans
Temple:   eino_narrow_crystal_temple
Lair:1:   layout_gridlike, uniq_harold, uniq_sonja

Skill      XL: |  1  2  3  4  5  6  7  8  9 10 |
---------------+-------------------------------+-----
Dodging        | 2 3 4 5 6 7 |  7.4
Stealth        | 1 2 3 4 5 7 |  7.7
Hexes          | 1 2 3 4 5 7 |  7.8
Fighting       | 3 4 5 6 7 8 |  8.1
Polearms       | |  2.6
Armour         | |  0.3
Spellcasting   | |  2.0
Conjurations   | |  3.0

Action                     |  1- 3 |  4- 6 |  7- 9 | 10-12 || total
---------------------------+-------+-------+-------+-------++-------
  Melee: Spear             |   190 |   101 |       |       ||   291
         Tailslap          |    17 |    19 |    43 |    20 ||    99
         Punch             |       |     1 |     3 |       ||     4
         War axe           |       |    47 |   315 |   136 ||   498
 Invoke: Curse Item        |       |       |     1 |       ||     1
    Use: Potion            |     1 |     7 |       |     5 ||    13
         Scroll            |       |     5 |     5 |     8 ||    18
   Stab: Sleeping          |     1 |       |       |       ||     1
 Armour: Leather armour    |    18 |       |       |       ||    18
         Ring mail         |    44 |    82 |    59 |       ||   185
         Plate armour      |       |       |   232 |   182 ||   414
  Dodge: Dodged            |   100 |    79 |   138 |    33 ||   350

Table legend: (Time is in decaauts)
 A = Elapsed time spent in this place.
 B = Non-inter-level travel time spent in this place.
 C = Inter-level travel time spent in this place.
 D = Time resting spent in this place.
 E = Time spent auto-exploring this place.
 F = Levels seen in this place.
 G = Mean time per level.
                   A        B        C        D        E       F      G
               +--------+--------+--------+--------+--------+-----+--------+
         Total |  10026 |   9824 |    202 |   1724 |   5868 |  11 |  911.5 |
       Dungeon |   9269 |   9080 |    189 |   1314 |   5640 |   9 | 1029.9 |
        Temple |    182 |    169 |     13 |      0 |    156 |   1 |  182.0 |
          Lair |    575 |    575 |      0 |    409 |     72 |   1 |  575.0 |
               +--------+--------+--------+--------+--------+-----+--------+

Top non-repeatable levels by time:
     D:5: 1969 daAuts
     D:8: 1297 daAuts
     D:6: 1249 daAuts
     D:2: 1123 daAuts
     D:7: 981 daAuts
     D:1: 956 daAuts
     D:4: 877 daAuts
     D:3: 808 daAuts
  Lair:1: 575 daAuts
  Temple: 182 daAuts
     D:9: 6 daAuts
